 Dungeon Crawl Stone Soup version 0.21.1-1-g345015f (webtiles) character file.

74 Autsider the Ruffian (level 4, 0/40 HPs)
             Began as a Troll Arcane Marksman on Feb 24, 2018.
             Slain by a gnoll
             ... wielding a +0 halberd
              (8 damage)
             ... on level 3 of the Dungeon.
             The game lasted 00:04:39 (1644 turns).

Autsider the Ruffian (Troll Arcane Marksman)        Turns: 1644, Time: 00:04:40

Health: 0/40       AC:  5    Str: 18    XL:     4   Next: 10%
Magic:  4/4        EV: 10    Int: 10    God:
Gold:   169        SH:  0    Dex: 10    Spells: 4/5 levels left

rFire    . . .     SeeInvis .     - Unarmed
rCold    . . .     Gourm    +   (no shield)
rNeg     . . .     Faith    .   a - +0 robe
rPois    .         Spirit   .   (helmet restricted)
rElec    .         Reflect  .   (no cloak)
rCorr    .         Harm     .   (gloves unavailable)
MR       .....                  (boots unavailable)
Stlth    +.........             (no amulet)
HPRegen  0.53/turn              (no ring)
MPRegen  0.09/turn              (no ring)

@: no status effects
A: large, unfitting armour, claws 3, fast metabolism 3, gourmand, regeneration
1, shaggy fur 1, tough skin 2
a: no special abilities


You were on level 3 of the Dungeon.
You were very full.

You visited 1 branch of the dungeon, and saw 3 of its levels.

You collected 169 gold pieces.

Inventory:

Missiles
 c - 3 large rocks (quivered)
 d - 2 throwing nets
 k - 36 stones
 n - 23 sling bullets
Armour
 a - a +0 robe (worn)
Scrolls
 h - a scroll of enchant weapon {unknown}
 i - 3 scrolls of identify {unknown}
 m - a scroll of magic mapping {unknown}
Potions
 e - 3 potions of degeneration {unknown}
 g - a potion of brilliance {unknown}
 j - a potion of flight {unknown}
 l - a potion of agility {unknown}
 o - a potion of invisibility {unknown}
Books
 b - a book of Debilitation

   Spells                             Type                      Level
   a - Corona                         Hexes                        1
   b - Slow                           Hexes                        2
   c - Inner Flame                    Hexes/Fire                   3
   d - Portal Projectile              Hexes/Translocation          3
   e - Cause Fear                     Hexes                        4
   f - Leda's Liquefaction            Hexes/Earth                  4
Comestibles
 f - 3 rations


   Skills:
 - Level 0.7 Fighting
 - Level 1.7 Throwing
 - Level 1.5 Dodging
 + Level 3.8 Unarmed Combat
 - Level 1.0 Spellcasting
 - Level 2.0 Hexes


You had 4 spell levels left.
You knew the following spells:

 Your Spells              Type           Power        Failure   Level  Hunger
a - Corona                Hex            #......      16%         1    ##.....


Dungeon Overview and Level Annotations

Branches:
Dungeon (3/15)

Altars:
Cheibriados
Xom
Zin


Innate Abilities, Weirdness & Mutations

You are too large for most types of armour.
You have claws for hands.
Your metabolism is lightning-fast.
You like to eat raw meat.
Your natural rate of healing is unusually fast.
You are covered in fur. (AC +1)
You have very tough skin. (AC +2)


Message History

* * * LOW HITPOINT WARNING * * *
You closely miss the adder.
The adder is almost dead.
The adder bites you but does no damage.
You claw the adder!
You kill the adder!
You have reached level 4!
The gnoll hits you from afar with a halberd.
* * * LOW HITPOINT WARNING * * *
You feel sick.
You feel sick.
You feel sick.
You are no longer poisoned.
Throwing (i - inventory. (,) - cycle):
c - 4 large rocks (quivered)
Press: ? - help, Shift-Dir - straight line, f - gnoll
Aim: a gnoll, wielding a halberd You throw a large rock.
The large rock barely misses the gnoll.
The large rock closely misses the hobgoblin.
The gnoll hits you from afar with a halberd!
You die...

#....# #(##.# #.##.#
#.##†# #.##g# #g##.#
#g##.# . #.##.#
....##@##.#####
........).>....#####
........)...<.......
.....##+##.#########
..... ..... ....
......## ##.
#.....$# #. #......#
##+##+##


You could see a gnoll and a hobgoblin.

Vanquished Creatures
  An adder (D:3)
  2 gnolls (D:3)
  An ooze (D:3)
  A worm (D:2)
  2 dart slugs
  A leopard gecko (D:2)
  8 goblins
  2 hobgoblins
  2 jackals (D:2)
  2 quokkas (D:2)
  A ball python (D:2)
  6 bats
  2 frilled lizards (D:2)
  2 kobolds
  2 rats (D:1)
35 creatures vanquished.

Notes
Turn   | Place    | Note
-------+----------+-------------------------------------------
     0 | D:1      | Autsider the Troll Arcane Marksman began the quest for the Orb.
     0 | D:1      | Reached XP level 1. HP: 18/18 MP: 1/1
    92 | D:1      | Reached skill level 1 in Unarmed Combat
   299 | D:1      | Reached XP level 2. HP: 26/26 MP: 2/2
   543 | D:1      | Reached skill level 2 in Unarmed Combat
  1127 | D:2      | Found a shimmering altar of Xom.
  1270 | D:2      | Found a glowing silver altar of Zin.
  1273 | D:2      | Reached XP level 3. HP: 32/32 MP: 3/3
  1301 | D:2      | Found a snail-covered altar of Cheibriados.
  1322 | D:2      | Reached skill level 3 in Unarmed Combat
  1632 | D:3      | Reached XP level 4. HP: 7/40 MP: 4/4
  1644 | D:3      | Slain by a gnoll

Skill      XL: |  1  2  3 |
---------------+----------+-----
Unarmed Combat | 1 2 3 |  3.8
Fighting       | |  0.7
Throwing       | |  1.7
Dodging        | |  1.5
Spellcasting   | |  1.0
Hexes          | |  2.0

Action                   |  1- 3 |  4- 6 || total
-------------------------+-------+-------++-------
Melee: Unarmed           |   106 |       ||   106
Throw: Large rock        |       |     1 ||     1
  Eat: Chunk             |    16 |       ||    16
       Ration            |     1 |       ||     1
Armor: Robe              |    44 |       ||    44
Dodge: Dodged            |    70 |       ||    70
